[Event "Titled Tuesday Blitz July 20 2021"]
[White "Nguyen Hong Nhung"]
[Black "Mohammad Fahad, Rahman"]
[WhiteFideId "12412201"]
[BlackFideId "10207791"]
[WhiteElo "1661"]
[BlackElo "2323"]
[Result "0-1"]
[Round "05"]
[TimeControl "180+1"]
[Date "2021.07.21"]
[WhiteClock "0:01:22"]
[BlackClock "0:01:33"]

1. e4 e5 2. Nf3 Nc6 3. d4 exd4 4. Nxd4 Nf6 5. Nc3 Bb4 6. Nxc6 bxc6 7. Bd3 O-O 8. O-O d5 9. exd5 cxd5 10. h3 h6 11. Qf3 Be6 12. Ne2 c5 13. c3 Ba5 14. Bc2 d4 15. cxd4 cxd4 16. Rd1 Bb6 17. Qd3 Rc8 18. Bf4 Re8 19. Ba4 Bc4 20. Qf5 Rxe2 21. Be5 Rc5 22. f4 Qd5 0-1


[Site "https://www.chess.com"]

[Event "Titled Tuesday Blitz July 20 2021"]
[White "Nguyen, Quoc Hy"]
[Black "Pacheco Lugo, Alejandro Jose"]
[WhiteFideId "12410853"]
[BlackFideId "3903745"]
[WhiteElo "1975"]
[BlackElo "2125"]
[Result "0-1"]
[Round "05"]
[TimeControl "180+1"]
[Date "2021.07.21"]
[WhiteClock "0:00:02"]
[BlackClock "0:00:13"]

1. d4 Nf6 2. c4 e6 3. Nc3 Bb4 4. Qc2 b6 5. e4 c5 6. d5 Qe7 7. Ne2 d6 8. a3 Ba5 9. b4 cxb4 10. axb4 exd5 11. bxa5 dxe4 12. axb6 O-O 13. Bg5 Nbd7 14. Nd5 Qe5 15. Bxf6 Nxf6 16. Qc3 Qg5 17. Nxf6+ gxf6 18. Rxa7 Rb8 19. Ra5 f5 20. Rb5 Ba6 21. Rb1 f4 22. g3 f3 23. Nf4 Rfc8 24. Nd5 Qxd5 25. cxd5 Rxc3 26. Bxa6 Ra3 27. Bb5 Rxb6 28. O-O Kg7 29. Bc6 Rba6 30. Rbe1 f5 31. h3 h5 32. g4 hxg4 33. hxg4 Kf6 34. Kh2 Ra7 35. Rh1 Rh7+ 36. Kg1 Rg7 37. Rh6+ Ke5 38. Re6+ Kf4 39. Rxd6 Rxg4+ 40. Kf1 Ra2 41. Rh6 Rg2 42. Rh4+ Kg5 43. Rh3 Raxf2# 0-1


[Site "https://www.chess.com"]

[Event "Titled Tuesday Blitz July 20 2021"]
[White "Novikov, Evgenij"]
[Black "Golubenko, Valentina"]
[WhiteFideId "4125380"]
[BlackFideId "4501993"]
[WhiteElo "2242"]
[BlackElo "2164"]
[Result "0-1"]
[Round "05"]
[TimeControl "180+1"]
[Date "2021.07.21"]
[WhiteClock "0:00:14"]
[BlackClock "0:00:19"]

1. d4 g6 2. e4 Bg7 3. Nf3 d5 4. e5 c5 5. c3 cxd4 6. cxd4 Nc6 7. h3 e6 8. Nc3 Nge7 9. a3 O-O 10. Bg5 a6 11. Be2 f6 12. exf6 Bxf6 13. Bxf6 Rxf6 14. O-O Nf5 15. Re1 Bd7 16. b4 Rf8 17. Na4 Ncxd4 18. Nxd4 Nxd4 19. Qxd4 Bxa4 20. Bg4 Qf6 21. Bxe6+ Kg7 22. Qxf6+ Rxf6 23. Bxd5 Raf8 24. Re7+ Kh6 25. Rc1 Rxf2 26. Rcc7 Kg5 27. Rxh7 Rd2 28. Bf3 Bc6 29. h4+ Kf4 30. Rhf7+ Rxf7 31. Rxf7+ Kg3 0-1


[Site "https://www.chess.com"]

[Event "Titled Tuesday Blitz July 20 2021"]
[White "Oliveira, Silvio Eduardo"]
[Black "Asadli, Vugar"]
[WhiteFideId "2111560"]
[BlackFideId "13405764"]
[WhiteElo "2302"]
[BlackElo "2386"]
[Result "0-1"]
[Round "05"]
[TimeControl "180+1"]
[Date "2021.07.20"]
[WhiteClock "0:00:04"]
[BlackClock "0:00:38"]

1. e4 c6 2. d4 d5 3. exd5 cxd5 4. Bd3 Nc6 5. c3 Qc7 6. Ne2 Bg4 7. O-O Nf6 8. Qe1 e6 9. Bg5 Bxe2 10. Qxe2 Bd6 11. g3 h6 12. Bc1 h5 13. Nd2 h4 14. Nf3 hxg3 15. hxg3 O-O-O 16. Bg5 Rh5 17. Kg2 Rdh8 18. Rh1 Qd8 19. Rxh5 Rxh5 20. Ne5 Qh8 21. Bh4 Nxe5 22. dxe5 Bxe5 23. Qe3 Kb8 24. Rh1 Bc7 25. Be2 Rh7 26. Bf3 Nd7 27. Kg1 Ne5 28. Be2 f6 0-1


[Site "https://www.chess.com"]

[Event "Titled Tuesday Blitz July 20 2021"]
[White "Omk124"]
[Black "Wieczorek, Zbigniew"]
[BlackFideId "1102001"]
[WhiteElo "2562"]
[BlackElo "2279"]
[Result "1-0"]
[Round "05"]
[TimeControl "180+1"]
[Date "2021.07.21"]
[WhiteClock "0:00:38"]
[BlackClock "0:00:26"]

1. e4 g6 2. d4 Bg7 3. Nf3 c6 4. c4 d6 5. Nc3 Nd7 6. Be2 e5 7. Be3 Ngf6 8. O-O O-O 9. h3 exd4 10. Nxd4 Re8 11. Qc2 Nc5 12. Bf3 a5 13. Rad1 a4 14. Nxc6 bxc6 15. Bxc5 Bf8 16. Bxd6 Bxd6 17. c5 Bh2+ 18. Kxh2 Qa5 19. Ne2 Re5 20. Rc1 Nd7 21. Nd4 Rxc5 22. Qd3 Ba6 23. Qe3 Bxf1 24. Rxf1 Re8 25. g3 Ne5 26. Bg2 Rc4 27. f4 Qc5 28. Rd1 Rd8 29. Ne6 1-0


[Site "https://www.chess.com"]

[Event "Titled Tuesday Blitz July 20 2021"]
[White "Onyshchuk, Volodymyr"]
[Black "Trakru, Rohun"]
[WhiteFideId "14114038"]
[BlackFideId "2097613"]
[WhiteElo "2603"]
[BlackElo "1746"]
[Result "1-0"]
[Round "05"]
[TimeControl "180+1"]
[Date "2021.07.20"]
[WhiteClock "0:01:41"]
[BlackClock "0:00:06"]

1. Nf3 d5 2. g3 g6 3. Bg2 Bg7 4. O-O e5 5. c4 Ne7 6. cxd5 Nxd5 7. Nc3 Nxc3 8. bxc3 O-O 9. d4 exd4 10. cxd4 c5 11. Bg5 Qd6 12. Bf4 Qe7 13. dxc5 Rd8 14. Bd6 Qf6 15. Qb3 Nc6 16. Rad1 Qc3 17. Qxc3 Bxc3 18. Ng5 Bd7 19. Bd5 Rf8 1-0


[Site "https://www.chess.com"]

[Event "Titled Tuesday Blitz July 20 2021"]
[White "Ouellet, Maili-Jade"]
[Black "Liyanage, Ranindu Dilshan"]
[WhiteFideId "2620472"]
[BlackFideId "9915834"]
[WhiteElo "1886"]
[BlackElo "1839"]
[Result "0-1"]
[Round "05"]
[TimeControl "180+1"]
[Date "2021.07.21"]
[WhiteClock "0:00:08"]
[BlackClock "0:00:06"]

1. d4 Nf6 2. c4 e6 3. Nc3 Bb4 4. e3 O-O 5. Bd3 c5 6. Nf3 d5 7. O-O dxc4 8. Bxc4 cxd4 9. exd4 b6 10. Qd3 Bb7 11. Rd1 Nbd7 12. Bg5 h6 13. Bh4 Be7 14. Rac1 Nh5 15. Bxe7 Qxe7 16. Qe3 Rac8 17. Bb3 Rfe8 18. Ne5 Nxe5 19. dxe5 g5 20. Ne4 Bxe4 21. Qxe4 Nf4 22. g3 Ng6 23. Ba4 Rxc1 24. Rxc1 Rd8 25. Kg2 Kg7 26. Rc2 h5 27. Qe2 h4 28. Bc6 hxg3 29. hxg3 Rc8 30. Qe4 Qd8 31. b4 Qd1 32. b5 Rh8 33. f3 Qh1+ 34. Kf2 Rh2+ 35. Ke3 Qe1+ 36. Kd3 Qd1+ 37. Kc3 Rxc2+ 38. Qxc2 Qxc2+ 39. Kxc2 Nxe5 40. Be4 f5 41. Bb7 Kf6 42. Kc3 Ke7 43. Kd4 Nd7 44. Bc6 Kd6 45. Kd3 Ne5+ 46. Kd4 Nxc6+ 47. bxc6 Kxc6 48. Ke5 Kd7 49. Kf6 g4 50. fxg4 fxg4 51. Kg5 b5 52. Kxg4 Ke7 53. Kh5 Kf7 54. Kh6 Kg8 55. Kg6 b4 56. Kf6 a5 57. Kxe6 a4 58. Kd5 b3 59. Kc4 bxa2 0-1


[Site "https://www.chess.com"]

[Event "Titled Tuesday Blitz July 20 2021"]
[White "Ozates, Tuna"]
[Black "Titichoca Daza, Daniel"]
[WhiteFideId "6354521"]
[BlackFideId "3309550"]
[WhiteElo "1872"]
[BlackElo "1910"]
[Result "0-1"]
[Round "05"]
[TimeControl "180+1"]
[Date "2021.07.21"]
[WhiteClock "0:01:37"]
[BlackClock "0:01:02"]

1. c4 c5 2. Nc3 Nc6 3. g3 g6 4. Bg2 Bg7 5. d3 d6 6. e4 e6 7. Nge2 Nge7 8. Be3 O-O 9. Qd2 Nd4 10. Rc1 Rb8 11. Bh6 a6 12. h4 f6 13. Bxg7 Kxg7 14. h5 g5 15. f4 h6 16. Nxd4 cxd4 17. Ne2 e5 18. Bh3 b5 19. cxb5 axb5 20. Bxc8 Rxc8 21. Kf2 Qb6 22. Rxc8 Rxc8 23. Rc1 Rc5 24. b4 Rc6 25. fxg5 fxg5 26. g4 d5 27. Ng3 Rc3 28. exd5 Nxd5 29. Nf5+ Kh7 30. Re1 Qc6 31. Kg1 Rc2 32. Qd1 Nf4 0-1


[Site "https://www.chess.com"]

[Event "Titled Tuesday Blitz July 20 2021"]
[White "Pakleza, Zbigniew"]
[Black "Taichman, Ori"]
[WhiteFideId "1119290"]
[BlackFideId "2804069"]
[WhiteElo "2526"]
[BlackElo "2227"]
[Result "1-0"]
[Round "05"]
[TimeControl "180+1"]
[Date "2021.07.20"]
[WhiteClock "0:00:06"]
[BlackClock "0:00:06"]

1. d4 Nf6 2. Nf3 g6 3. Bf4 Bg7 4. e3 O-O 5. Be2 d6 6. h3 Nc6 7. O-O Nd7 8. Bh2 e5 9. c3 f5 10. b4 e4 11. Nfd2 Nf6 12. b5 Ne7 13. c4 Be6 14. Nc3 g5 15. a4 Ng6 16. Re1 Qd7 17. a5 Rae8 18. b6 f4 19. bxc7 fxe3 20. fxe3 Bxh3 21. gxh3 Qxh3 22. Bf1 Qh4 23. Qe2 Ng4 24. Ndxe4 Rxe4 25. Nxe4 Nxh2 26. Qxh2 Qxe4 27. Qg2 Qe7 28. Qxb7 Qd7 29. c8=Q Qxc8 30. Qxc8 Rxc8 31. Rab1 Nh4 32. Bg2 g4 33. Bd5+ Kh8 34. Rb7 h5 35. Rf1 Bh6 36. Rff7 Bxe3+ 37. Kf1 Kg8 38. Rh7+ 1-0


[Site "https://www.chess.com"]

[Event "Titled Tuesday Blitz July 20 2021"]
[White "Pinheiro, Iung Alicio de O."]
[Black "Gabrielian, Artur"]
[WhiteFideId "2104350"]
[BlackFideId "4131002"]
[WhiteElo "2602"]
[BlackElo "2523"]
[Result "1-0"]
[Round "05"]
[TimeControl "180+1"]
[Date "2021.07.20"]
[WhiteClock "0:00:32"]
[BlackClock "0:00:07"]

1. e4 c5 2. Nc3 d6 3. d4 cxd4 4. Qxd4 Nc6 5. Qd2 Nf6 6. b3 e6 7. Bb2 d5 8. exd5 exd5 9. O-O-O Be6 10. Nge2 Qa5 11. Nf4 Ba3 12. Ncxd5 Bxb2+ 13. Kxb2 Qxd2 14. Rxd2 Bxd5 15. Nxd5 O-O-O 16. Bc4 Ne5 17. Rhd1 Nxc4+ 18. bxc4 Ne4 19. Re2 Nc5 20. Re7 Rd7 21. Rxd7 Kxd7 22. Nf4+ Kc6 23. Nd3 Re8 24. Nxc5 Kxc5 25. Rd5+ Kc6 26. Rh5 h6 27. Rf5 f6 28. Kc3 Re1 29. h4 b6 30. h5 a5 31. Rf3 Re5 32. Rg3 Rxh5 33. Rxg7 Rf5 34. f3 h5 35. Rg6 Kc5 36. Rg8 Rf4 37. Rc8+ Kd6 38. Rh8 Rh4 39. Kd3 Rh2 40. g4 h4 41. Ke4 Ke6 42. Rb8 Rxc2 43. Rxb6+ Ke7 44. Rb7+ Ke6 45. Rh7 Rxc4+ 46. Ke3 Ra4 47. Rxh4 Rxa2 48. Rh8 a4 49. Ra8 Ra1 50. Kf4 a3 51. Ra6+ Ke7 52. Kf5 a2 53. Ra7+ Kd6 54. f4 Kd5 55. Kxf6 Ke4 56. f5 Kf4 57. Ra4+ Kg3 58. g5 Kf3 59. g6 Ke3 60. g7 1-0


[Site "https://www.chess.com"]

[Event "Titled Tuesday Blitz July 20 2021"]
[White "Plotnikov, Pavel"]
[Black "Nazaretyan, Tigran"]
[WhiteFideId "4170342"]
[BlackFideId "24162345"]
[WhiteElo "2298"]
[BlackElo "2214"]
[Result "1-0"]
[Round "05"]
[TimeControl "180+1"]
[Date "2021.07.21"]
[WhiteClock "0:01:07"]
[BlackClock "0:00:08"]

1. e4 c5 2. Nf3 Nc6 3. g3 g5 4. Nxg5 Bg7 5. Nf3 d6 6. Bg2 h5 7. h4 Bg4 8. d3 e6 9. Bg5 Nge7 10. Nbd2 Qb6 11. Nc4 Qc7 12. Ne3 Bxb2 13. Rb1 Bc3+ 14. Kf1 Bxf3 15. Qxf3 Ng6 16. Nc4 Bg7 17. Bf6 Nd4 18. Bxd4 Bxd4 19. e5 d5 20. Nd6+ Kf8 21. Rxb7 Nxe5 22. Rxc7 Nxf3 23. Rxf7+ Kg8 24. Rxf3 Rb8 25. Ke2 Rb2 26. Kd2 Rxa2 27. Rb1 Rb2 28. Rxb2 Bxb2 29. Rf7 Rh7 30. Rxh7 Kxh7 31. Bh3 e5 32. Be6 d4 33. Nc4 Bc3+ 34. Kc1 a5 35. Kb1 Kg6 36. Ka2 Kf6 37. Bd5 Kf5 38. Bf3 Kg6 39. Kb3 Be1 40. Nxe5+ Kh6 41. Be2 Bxf2 42. g4 Bxh4 43. gxh5 Be1 44. Nd7 Bb4 45. Ka4 Kg5 46. Nb6 Kh6 47. Nc4 Kg5 48. Nxa5 Be1 49. Nb3 Bb4 50. Kb5 Kf4 51. h6 Ke3 52. h7 Kxe2 53. h8=Q Kd1 54. Qh1+ Kxc2 55. Kc4 Bc3 56. Qg2+ Kb1 57. Qf1+ Ka2 58. Nxc5 Ka3 59. Qd1 Kb2 60. Ne6 Ka3 61. Qb3# 1-0


[Site "https://www.chess.com"]

[Event "Titled Tuesday Blitz July 20 2021"]
[White "Prraneeth Vuppala"]
[Black "Wilson, Elvin"]
[WhiteFideId "46622373"]
[BlackFideId "2014874"]
[WhiteElo "1759"]
[BlackElo "2333"]
[Result "1-0"]
[Round "05"]
[TimeControl "180+1"]
[Date "2021.07.21"]
[WhiteClock "0:00:11"]
[BlackClock "0:00:19"]

1. e4 e6 2. d4 d5 3. Nd2 c5 4. Ngf3 cxd4 5. Nxd4 Nc6 6. Bb5 Bd7 7. Nxc6 bxc6 8. Bd3 Qc7 9. c4 Nf6 10. Qe2 Bd6 11. Nf3 dxe4 12. Bxe4 Nxe4 13. Qxe4 O-O 14. O-O f5 15. Qe2 e5 16. c5 Bxc5 17. Qc4+ Rf7 18. Qxc5 e4 19. Ng5 Rf6 20. Qc4+ Kh8 21. Nf7+ Kg8 22. Ne5+ Kh8 23. Bf4 Be6 24. Qxe6 Rxe6 25. Ng6+ hxg6 26. Bxc7 Rc8 27. Ba5 f4 28. Bc3 g5 29. Rad1 Rce8 30. Rd7 R8e7 31. Rxe7 Rxe7 32. Rd1 Kh7 33. Kf1 g4 34. Rd6 f3 35. Rxc6 Rd7 36. gxf3 exf3 37. Rc4 Rd1+ 38. Be1 Ra1 39. a3 Ra2 40. Rxg4 Rxb2 41. Ra4 Rb1 42. Rxa7 Kh6 43. Rf7 Rb3 44. a4 g5 45. a5 Ra3 46. Re7 g4 47. Re3 Ra1 48. h3 Kh5 49. hxg4+ Kxg4 50. Re4+ Kf5 51. Re3 Kf4 52. Re6 Kg4 53. a6 Kf4 54. Re7 Rxa6 55. Bd2+ Kg4 56. Rg7+ Kf5 57. Rf7+ Ke4 58. Kg1 Rg6+ 59. Kf1 Rd6 60. Re7+ Kf5 61. Be1 Rd1 62. Rf7+ Kg4 63. Re7 Kf4 64. Re3 Rb1 65. Kg1 Rc1 66. Kh2 Rc6 67. Bd2 Rh6+ 68. Kg1 Rg6+ 69. Kf1 Rh6 70. Rd3+ Ke4 71. Bxh6 Kxd3 72. Be3 Ke4 73. Kg1 Kf5 74. Kh2 Kg4 75. Bd4 Kh4 76. Bf6+ Kg4 77. Bd8 Kf4 78. Kh3 Ke4 79. Kg3 Kd3 80. Kxf3 1-0


[Site "https://www.chess.com"]

[Event "Titled Tuesday Blitz July 20 2021"]
[White "Przybylski, Wojciech"]
[Black "Zierk, Steven"]
[WhiteFideId "1117599"]
[BlackFideId "2034255"]
[WhiteElo "2317"]
[BlackElo "2494"]
[Result "0-1"]
[Round "05"]
[TimeControl "180+1"]
[Date "2021.07.20"]
[WhiteClock "0:01:12"]
[BlackClock "0:02:03"]

1. e4 e6 2. d4 d5 3. Nc3 Bb4 4. a3 Bxc3+ 5. bxc3 dxe4 6. Qg4 Nf6 7. Qxg7 Rg8 8. Qh6 c5 9. Ne2 Nbd7 10. h3 b6 11. Qe3 Ba6 12. Ng3 Bxf1 13. Kxf1 cxd4 14. cxd4 Qc7 15. c3 Nd5 16. Qxe4 Qxc3 17. Rb1 N7f6 18. Qe2 Rc8 19. Bb2 Qc2 20. Qd1 Rxg3 21. Qxc2 Rxc2 22. fxg3 Ne3+ 23. Ke1 Nxg2+ 24. Kd1 Ne3+ 25. Ke1 Ne4 26. Rg1 Nf2 0-1


[Site "https://www.chess.com"]

[Event "Titled Tuesday Blitz July 20 2021"]
[White "Quparadze, Giga"]
[Black "Peralta, Eduardo"]
[WhiteFideId "13602250"]
[BlackFideId "3700062"]
[WhiteElo "2658"]
[BlackElo "2205"]
[Result "1-0"]
[Round "05"]
[TimeControl "180+1"]
[Date "2021.07.20"]
[WhiteClock "0:00:19"]
[BlackClock "0:00:03"]

1. e4 Nf6 2. Nc3 e5 3. Nf3 Nc6 4. Bb5 Nd4 5. Bc4 c6 6. O-O d6 7. Nxd4 exd4 8. Ne2 Nxe4 9. Nxd4 d5 10. Bd3 Bc5 11. Nb3 Bb6 12. Bxe4 dxe4 13. Qe2 f5 14. d3 O-O 15. dxe4 fxe4 16. Be3 Bc7 17. Qc4+ Kh8 18. Qxe4 Bf5 19. Qc4 Qd6 20. g3 Rae8 21. Bc5 Qf6 22. Bxf8 Rxf8 23. Rae1 Bh3 24. Qd4 Qf7 25. Qh4 Bxf1 26. Rxf1 Bb6 27. Qe4 Qf6 28. c3 h6 29. Kg2 a6 30. Nd2 Qf7 31. Nc4 Bc7 32. b3 Re8 33. Qf3 Qe6 34. Rd1 b5 35. Ne3 Kg8 36. Qf5 Qxf5 37. Nxf5 Re2 38. Rd7 Bb6 39. Rxg7+ Kf8 40. Rb7 Rxf2+ 41. Kh3 Ba5 42. Nxh6 Bxc3 43. Rb6 Rxa2 44. Rxc6 b4 45. Nf5 Ra3 46. Nd6 Rxb3 47. Rxa6 Rb2 48. Nc4 Rf2 49. Rb6 Ke7 50. Ne3 Kd7 51. Nd5 Rf5 52. Nxb4 Ra5 53. Nd3 Kc7 54. Rb3 Bd4 55. Rb4 Be3 56. Rc4+ Kd6 57. Re4 Ba7 58. Nf4 Kd7 59. Kg2 Bb8 60. h4 Ra2+ 61. Kh3 Ra5 62. Kg4 Ra3 63. h5 Ba7 64. h6 Bf2 65. h7 Rxg3+ 66. Kf5 Rg7 67. h8=Q Bd4 68. Rxd4+ Kc6 1-0


[Site "https://www.chess.com"]

[Event "Titled Tuesday Blitz July 20 2021"]
[White "Rahman, Ziaur"]
[Black "Terry, Renato"]
[WhiteFideId "10200037"]
[BlackFideId "3803457"]
[WhiteElo "2460"]
[BlackElo "2581"]
[Result "1-0"]
[Round "05"]
[TimeControl "180+1"]
[Date "2021.07.20"]
[WhiteClock "0:00:26"]
[BlackClock "0:00:02"]

1. d4 e6 2. Bf4 Nf6 3. e3 b6 4. Qf3 Nc6 5. Nc3 Bb7 6. O-O-O Na5 7. e4 Bb4 8. Nge2 O-O 9. h4 Nxe4 10. Nxe4 f5 11. Qg3 Bxe4 12. Bxc7 Qc8 13. c3 f4 14. Bxf4 Qc4 15. Be5 Rf7 16. Qe3 Bf5 17. Ng3 Qxa2 18. Nxf5 Rxf5 19. Bd3 Rc8 20. Bb1 Nb3+ 21. Kc2 Qa4 22. Kd3 Qb5+ 23. Kc2 Qa4 24. Kd3 Qb5+ 25. Kc2 Be7 26. Ba2 Na5 27. Kb1 Nc4 28. Bxc4 Rxc4 29. g4 Rf7 30. Qe2 Qb3 31. Qc2 Qb5 32. Bg3 Rc6 33. Rhe1 1-0


[Site "https://www.chess.com"]

[Event "Titled Tuesday Blitz July 20 2021"]
[White "Remizov, Yaroslav"]
[Black "Triapishko, Alexandr"]
[WhiteFideId "34134015"]
[BlackFideId "14122286"]
[WhiteElo "2335"]
[BlackElo "2490"]
[Result "1/2-1/2"]
[Round "05"]
[TimeControl "180+1"]
[Date "2021.07.20"]
[WhiteClock "0:00:12"]
[BlackClock "0:00:08"]

1. e4 c5 2. Nf3 Nc6 3. d4 cxd4 4. Nxd4 Nf6 5. Nc3 e5 6. Ndb5 d6 7. Bg5 a6 8. Na3 b5 9. Bxf6 gxf6 10. Nd5 Bg7 11. Bd3 Ne7 12. Ne3 f5 13. Nxf5 Bxf5 14. exf5 d5 15. Qg4 Bf6 16. c3 Rg8 17. Qh3 e4 18. Be2 b4 19. Nc2 bxc3 20. bxc3 Qa5 21. O-O Qxc3 22. Ne3 d4 23. Rac1 Qa3 24. Qh6 Bg5 25. Qb6 dxe3 26. f4 Bxf4 27. f6 Qd6 28. Qb7 Bxh2+ 29. Kh1 Rb8 30. Qxe7+ Qxe7 31. fxe7 Bg3 32. Rc4 Bf2 33. Rxe4 Rb6 34. g4 Rh6+ 35. Kg2 f5 36. Re5 f4 37. Bc4 f3+ 38. Kxf3 Rf6+ 39. Ke2 Rg7 40. Rd1 Rxe7 41. Rxe7+ Kxe7 42. Bd3 h6 43. Rh1 Rb6 44. Kf3 Rd6 45. Ke2 Rc6 46. Rh5 Kf8 47. g5 hxg5 48. Rxg5 Rb6 49. Ra5 Rb2+ 50. Kf3 Ke7 51. Rxa6 Kd7 52. Ra4 Kc7 53. Rc4+ Kb6 54. Rc2 Rb4 55. Rc4 Rb2 56. Rc2 Rb1 57. Rc6+ Kxc6 58. Bxb1 Kb5 59. Ke2 Kb4 60. Bc2 Ka3 61. Bb3 Bg3 62. Bf7 Bd6 63. Kxe3 Bc5+ 64. Kd3 Bb4 65. Bc4 Bf8 66. Bb5 Bb4 67. Ba4 Kxa2 1/2-1/2


[Site "https://www.chess.com"]

[Event "Titled Tuesday Blitz July 20 2021"]
[White "Rorrer, Grayson"]
[Black "Gubajdullin, Alexei"]
[WhiteFideId "30944996"]
[BlackFideId "4141202"]
[WhiteElo "2122"]
[BlackElo "2403"]
[Result "1/2-1/2"]
[Round "05"]
[TimeControl "180+1"]
[Date "2021.07.21"]
[WhiteClock "0:00:17"]
[BlackClock "0:00:14"]

1. e4 g6 2. d4 Bg7 3. Nc3 d6 4. Be3 c6 5. f3 b5 6. Qd2 Qc7 7. Nge2 Nd7 8. d5 b4 9. dxc6 bxc3 10. cxd7+ Bxd7 11. Nxc3 Nf6 12. Be2 Rb8 13. O-O-O Qa5 14. Bc4 O-O 15. Bb3 Rfc8 16. Nd5 Qd8 17. Nxf6+ Bxf6 18. Bd4 Bxd4 19. Qxd4 Be6 20. Kb1 Qa5 21. h4 Rc5 22. g4 Bxb3 23. cxb3 Qa6 24. Qd3 Qxd3+ 25. Rxd3 Rbc8 26. Rdd1 Kg7 27. Rc1 Kf6 28. b4 Rc4 29. b3 Rc3 30. Kb2 R3c7 31. Rxc7 Rxc7 32. Rc1 Rb7 33. a3 Ke5 34. Rc3 Kf4 35. Kc2 h5 36. gxh5 gxh5 37. Kd2 Kg3 38. Ke3 Kxh4 39. Kf4 Kh3 40. Kg5 f6+ 41. Kxh5 Kg3 42. Kg6 Kf4 43. Kf7 Ke5 44. Ke8 e6 45. Kd8 d5 46. exd5 exd5 47. Kc8 Rh7 48. b5 Kd4 49. Rc1 Ke3 50. a4 d4 51. a5 d3 52. b6 axb6 53. axb6 d2 54. Ra1 Ke2 55. b7 Rh8+ 56. Kc7 Rh7+ 57. Kb6 Rh8 58. Ka7 Kxf3 59. b8=Q Rxb8 60. Kxb8 Ke2 61. Kc7 f5 62. b4 f4 63. b5 f3 64. b6 f2 65. b7 f1=Q 66. Rxf1 Kxf1 67. b8=Q d1=Q 68. Qf8+ Kg2 69. Qg7+ Kf2 70. Qf6+ Qf3 71. Qb2+ Kg3 72. Qg7+ Qg4 73. Qc3+ Qf3 74. Qe1+ Qf2 75. Qc3+ Qf3 76. Qxf3+ Kxf3 1/2-1/2


[Site "https://www.chess.com"]

[Event "Titled Tuesday Blitz July 20 2021"]
[White "Rozhkov, Viacheslav"]
[Black "Belyakov, Bogdan"]
[WhiteFideId "4181484"]
[BlackFideId "24104795"]
[WhiteElo "2324"]
[BlackElo "2407"]
[Result "1/2-1/2"]
[Round "05"]
[TimeControl "180+1"]
[Date "2021.07.21"]
[WhiteClock "0:00:10"]
[BlackClock "0:00:35"]

1. e4 e5 2. Nf3 Nc6 3. d4 exd4 4. Bc4 Bc5 5. Ng5 Nh6 6. Nxf7 Nxf7 7. Bxf7+ Kxf7 8. Qh5+ g6 9. Qxc5 d5 10. O-O dxe4 11. Nd2 Qe7 12. Qb5 a6 13. Qb3+ Qe6 14. Nxe4 Qxb3 15. axb3 Re8 16. f3 Bf5 17. Bf4 Bxe4 18. fxe4 Rxe4 19. Bxc7+ Kg7 20. c3 Rf8 21. Rxf8 Kxf8 22. Rd1 Ke7 23. Bb6 Re2 24. Bxd4 Rxb2 25. Bc5+ Ke8 26. b4 Rc2 27. Rd3 h5 28. h4 Kf7 29. Rd7+ Ke6 30. Rxb7 Rxc3 31. Rb6 Kd5 32. Rxa6 Rb3 33. Kf2 Ne5 34. Rd6+ Ke4 35. Rd4+ Kf5 36. Bd6 Ng4+ 37. Ke2 Rb2+ 38. Kf3 Rf2+ 39. Kg3 Rb2 40. Rf4+ Ke6 41. Bc5 Rb1 42. Rf8 Nf6 43. Kf4 Rb3 44. Kg5 Rg3+ 45. Kh6 Rxg2 46. Kg7 Nd7 47. Re8+ Kd5 48. Rd8 Kc6 49. b5+ Kxc5 50. Rxd7 Rg4 51. Rb7 Rxh4 52. Kxg6 Rh1 53. Kg5 h4 54. Kg4 h3 55. Kg3 h2 56. Kg2 Rb1 57. Kxh2 Rxb5 58. Rxb5+ Kxb5 1/2-1/2


[Site "https://www.chess.com"]

[Event "Titled Tuesday Blitz July 20 2021"]
[White "Saravana, Krishnan P."]
[Black "Aradhya, Garg"]
[WhiteFideId "5018382"]
[BlackFideId "25006746"]
[WhiteElo "2245"]
[BlackElo "2146"]
[Result "1/2-1/2"]
[Round "05"]
[TimeControl "180+1"]
[Date "2021.07.21"]
[WhiteClock "0:00:20"]
[BlackClock "0:00:13"]

1. e4 e5 2. Nf3 Nc6 3. Bb5 a6 4. Ba4 Nf6 5. d3 b5 6. Bb3 Bc5 7. c3 O-O 8. h3 d5 9. Qe2 h6 10. Nbd2 Be6 11. Nf1 a5 12. g4 a4 13. Bc2 dxe4 14. dxe4 Bc4 15. Qd1 Qxd1+ 16. Bxd1 Nxe4 17. Ne3 Bd3 18. a3 Rad8 19. h4 Nf6 20. g5 hxg5 21. hxg5 Nd5 22. Ng4 Nf4 23. Rh2 Rfe8 24. Be3 Bxe3 25. fxe3 Bf5 26. Nf2 Nd3+ 27. Nxd3 Bxd3 28. Nd2 e4 29. Bh5 Ne5 30. O-O-O g6 31. Be2 Bxe2 32. Rxe2 Nd3+ 33. Kc2 Rd5 34. Nxe4 Rxe4 35. Rxd3 Rxg5 36. Rd8+ Kg7 37. Rd7 c5 38. Rf2 Rf5 39. Rxf5 gxf5 40. Rd5 Rxe3 41. Rxf5 Re6 42. Rxc5 Rb6 43. c4 bxc4 44. Rxc4 Ra6 45. b3 axb3+ 46. Kxb3 f5 47. a4 Kf6 48. Kb4 Kg5 49. Kb5 Ra8 50. a5 f4 51. a6 f3 52. Kb6 f2 53. Rc1 Kf4 54. Rf1 Ke3 55. Rxf2 Kxf2 56. Kb7 Rxa6 57. Kxa6 1/2-1/2


[Site "https://www.chess.com"]

[Event "Titled Tuesday Blitz July 20 2021"]
[White "Sargsyan, Anna M."]
[Black "Semenova, Elena"]
[WhiteFideId "13308130"]
[BlackFideId "24125148"]
[WhiteElo "2263"]
[BlackElo "2075"]
[Result "1-0"]
[Round "05"]
[TimeControl "180+1"]
[Date "2021.07.21"]
[WhiteClock "0:01:04"]
[BlackClock "0:00:12"]

1. d4 f5 2. c4 Nf6 3. Nc3 g6 4. Bg5 Bg7 5. Qc2 O-O 6. O-O-O d6 7. Bxf6 Bxf6 8. e4 Nc6 9. e5 Bg5+ 10. Kb1 dxe5 11. dxe5 Nd4 12. Qd3 Ne6 13. Qe2 Nd4 14. Qd3 Ne6 15. Qxd8 Rxd8 16. g3 Rxd1+ 17. Nxd1 Bd7 18. Bg2 Bc6 19. Bxc6 bxc6 20. f4 Bh6 21. Nf3 Rd8 22. Ne3 Nc5 23. Kc2 Kf7 24. b4 Ne4 25. c5 Ke6 26. Nc4 g5 27. fxg5 Nxg5 28. Nxg5+ Bxg5 29. Na5 Rd2+ 30. Kc3 Rxa2 31. Nxc6 Kd5 32. Nd4 Kxe5 33. Re1+ Kf6 34. Re6+ Kf7 35. Rc6 Bf6 36. Rxc7 Ra3+ 37. Kc4 Re3 38. Nxf5 Re2 39. Rxa7 Rxh2 40. c6 Rc2+ 41. Kb5 Ke6 42. Ne3 Rc3 43. Nc4 Kd5 44. Rd7+ Ke6 45. Rd1 Be5 46. Re1 1-0


[Site "https://www.chess.com"]

[Event "Titled Tuesday Blitz July 20 2021"]
[White "Seo, Jung Min"]
[Black "Rottenwohrer Suarez, Juan"]
[WhiteFideId "1734687"]
[BlackFideId "32068182"]
[WhiteElo "2486"]
[BlackElo "2158"]
[Result "1-0"]
[Round "05"]
[TimeControl "180+1"]
[Date "2021.07.21"]
[WhiteClock "0:00:02"]
[BlackClock "0:00:02"]

1. Nf3 Nf6 2. d4 g6 3. Nc3 d5 4. Bg5 Bg7 5. Qd2 O-O 6. Bh6 c5 7. Bxg7 Kxg7 8. dxc5 Na6 9. O-O-O Be6 10. Nd4 Nxc5 11. Nxe6+ fxe6 12. f3 Rc8 13. e3 Qa5 14. Kb1 Rc6 15. Nb5 Qxd2 16. Rxd2 a6 17. Nd4 Rb6 18. Be2 e5 19. Nb3 Nxb3 20. axb3 Rc8 21. Rhd1 Rbc6 22. b4 b5 23. c3 g5 24. g3 e6 25. e4 dxe4 26. fxe4 R8c7 27. Rd6 Kf7 28. Bf3 Ke7 29. R6d3 Rd7 30. Rxd7+ Nxd7 31. Kc2 Rd6 32. Ra1 h6 33. b3 Nb8 34. Be2 Kd7 35. h4 Kc7 36. hxg5 hxg5 37. Rf1 Rd7 38. Rf6 Kd6 39. Rg6 Rf7 40. Bg4 Rf2+ 41. Kd3 Rg2 42. Rxe6+ Kc7 43. Be2 Rxg3+ 44. Kd2 Nc6 45. Rg6 Rg2 46. Rg7+ Kb6 47. Ke3 Rg3+ 48. Bf3 a5 49. bxa5+ Nxa5 50. Kf2 Rh3 51. Rxg5 Nxb3 52. Rxe5 Nd2 53. Rf5 Nc4 54. e5 Rh6 55. Bd5 Nb2 56. Bf3 Kc5 57. Be2 Nc4 58. e6+ Kd6 59. Rxb5 Rf6+ 60. Ke1 Ne5 61. Rb6+ Ke7 62. Kd2 Rxe6 63. Rb7+ Kf6 64. c4 Rd6+ 65. Kc3 Nc6 66. Bf3 Ne5 67. Bd5 Rd7 68. Rb6+ Kf5 69. Kd4 Rd8 70. Rb1 Nf3+ 71. Kc5 Ne5 72. Rf1+ Kg6 73. Kd4 Nxc4 74. Kxc4 Kg5 75. Kd4 Re8 76. Be4 Re7 77. Ke3 Re6 78. Rf5+ Kg4 79. Rf1 Kg5 80. Rg1+ Kf6 81. Kf4 Ke7 82. Bf5 Rb6 83. Rg7+ Kd6 84. Rg6+ Kc5 85. Rg1 Rd6 86. Be4 Rd7 87. Rc1+ Kd6 88. Rc6+ Ke7 89. Ke5 Ra7 90. Bd5 Rd7 91. Rh6 Kd8 92. Be6 Rg7 93. Kd6 1-0


[Site "https://www.chess.com"]